 Dungeon Crawl Stone Soup version 0.31-a0-180-g519b7de00c (webtiles) character file.

Game seed: 8065122204009018122

52061 qw the Marksnaga (level 14, -8/143 (144) HPs)
             Began as a Naga Hunter on June 19, 2023.
             Was an Elder of Okawaru.
             Mangled by a dire elephant (26 damage)
             ... on level 5 of the Lair of Beasts.
             The game lasted 00:08:19 (17670 turns).

qw the Marksnaga (Naga Hunter)                     Turns: 17670, Time: 00:08:19

HP:   -8/143 (144)  AC: 12    Str: 13    XL:     14   Next: 62%
MP:   21/21         EV: 14    Int: 11    God:    Okawaru [****..]
Gold: 730           SH:  0    Dex: 19    Spells: 13/13 levels left

rFire   . . .        f - +5 orcbow (elec)
rCold   + . .        (shield currently unavailable)
rNeg    . . .        r - +1 troll leather armour {Snorg}
rPois   +            (no helmet)
rElec   .            e - scarf {repulsion}
rCorr   .            a - +2 pair of gloves
SInv    +            (no barding)
Will    ++...        (no amulet)
Stlth   +++          p - ring of protection from cold
HPRegen 1.23/turn    j - ring of willpower
MPRegen 0.17/turn

%: repel missiles
@: about to teleport, heroic, constricted, lightly drained, very slow
A: AC +4, large, see invisible, deformed body, poison resistance, slowness 2,
spit poison 1, naga tail 2, wild magic 1, noise suppression
a: Spit Poison, Renounce Religion, Heroism, Finesse


You were on level 5 of the Lair of Beasts.
You worshipped Okawaru.
Okawaru was greatly pleased with you.
You visited 3 branches of the dungeon, and saw 16 of its levels.

You collected 1171 gold pieces.
You spent 441 gold pieces at shops.


Innate Abilities, Weirdness & Mutations

Your serpentine skin is tough. (AC +4)
You have supernaturally acute eyesight. (SInv)
Armour fits poorly on your strangely shaped body.
Your system is resistant to poisons. (rPois)
You cover ground very slowly.
You can spit poison.
You can use your snake-like lower body to constrict enemies.
Your spells are a little harder to cast, but a little more powerful.
You passively dampen the noise of your surroundings.


   Skills:
 - Level 14.0(19.0) Fighting
 - Level 16.0(21.0) Ranged Weapons
 - Level 3.0(8.0) Armour
 + Level 8.2(13.2) Dodging
 - Level 1.5(6.5) Stealth
 + Level 9.6 Invocations


You had 13 spell levels left.
You didn't know any spells.
Your spell library was empty.

Inventory:

Hand Weapons
 f - a +5 orcbow of electrocution (weapon)
Armour
 a - a +2 pair of gloves (worn)
 d - a +0 cloak
 e - a scarf of repulsion (worn)
 k - a +2 ring mail of fire resistance
 r - a +1 troll leather armour (worn) {Snorg}
Jewellery
 h - a ring of resist corrosion
 i - a ring of fire
 j - a ring of willpower (right hand)
 p - a ring of protection from cold (left hand)
 Y - a ring of resist corrosion
Scrolls
 b - 6 scrolls of teleportation
 t - 4 scrolls of identify
Potions
 g - 2 potions of enlightenment
 l - a potion of resistance
 m - a potion of cancellation
 n - 2 potions of might
 o - 3 potions of haste
 q - 2 potions of mutation
 s - 2 potions of curing

Dungeon Overview and Level Annotations

Branches:
Dungeon (10/15)            Temple (1/1) D:5            Lair (5/5) D:10
  Swamp (0/4) Lair:2        Snake (0/4) Lair:2        Slime (0/5) Lair:5
    Orc (0/2) D:9

Altars:
Ashenzari
Cheibriados
Dithmenos
Elyvilon
Fedhas
Gozag
Hepliaklqana
Kikubaaqudgha
Makhleb
Nemelex Xobeh
Okawaru
Qazlal
Ru
Sif Muna
Trog
Uskayaw
Vehumet
Wu Jian
Xom
Yredelemnul
Zin
The Shining One
Jiyva

Shops:
D:5 (   D:8 (   D:9 ?

Annotations:
Lair:5 1 runed translucent door


Message History

The dire elephant misses you. The dire elephant trunk-slaps you.
You shoot an arrow. The arrow hits the dire elephant!
The dire elephant is severely wounded.
The dire elephant closely misses you.
The dire elephant trunk-slaps you but does no damage.
The dire elephant barely misses you.
The dire elephant trunk-slaps you but does no damage.
The spectral anaconda grabs you.
The spectral anaconda bites you but does no damage.
The spectral anaconda constricts you.
You shoot an arrow. The arrow hits the spectral anaconda!
The spectral anaconda is lightly damaged.
The spectral anaconda completely misses you.
The spectral anaconda constricts you. The dire elephant barely misses you.
The dire elephant trunk-slaps you.
You shoot an arrow.
The arrow barely misses the spectral anaconda.
The spectral anaconda bites you. The spectral anaconda constricts you.
The dire elephant closely misses you. The dire elephant trunk-slaps you!
You shoot an arrow.
The arrow closely misses the spectral anaconda.
The spectral anaconda bites you! The spectral anaconda constricts you.
The dire elephant barely misses you. The dire elephant misses you.
The spectral anaconda bites you but does no damage.
The spectral anaconda constricts you.
You shoot an arrow. The arrow hits the spectral anaconda!
The spectral anaconda is moderately damaged.
The dire elephant tramples you.
You are held in place!
The dire elephant closely misses you. The dire elephant tramples you!
You are held in place!
The dire elephant barely misses you.
The spectral anaconda barely misses you.
The spectral anaconda constricts you. The dire elephant tramples you!!
You are held in place!
The dire elephant trunk-slaps you.
17670 ||| READING 7 scrolls of teleportation.
As you read the scroll of teleportation, it crumbles to dust.
You feel strangely unstable. The spectral anaconda bites you.
The spectral anaconda constricts you. The dire elephant tramples you.
You are held in place!
The dire elephant trunk-slaps you. The dire elephant tramples you!!
You die...

###P..#..##P. ##..#
.##P.#.#.7#. #####P..##
####..##.7#. +.P8##...#
# #...#..P# ###..'...##
##..###..7# #..P.'....#
##....#.#..7 #.#####.P.#
#...####...7##.#..'...##
#..####..#.##.P#..'..##
.#...##^...##.##@Y####
...####...###.#YYZ#
....# ##.7#P..#8.8#
....# ##.##.####'##


PPP## #..#..# ..# ....# ##.#.## ~~.. ....# #..#.# ~~~~~ #.######.#.#.~~~~~#
..P###...#.##P~~~## You could see 3 dire elephants and a spectral anaconda.

Vanquished Creatures
  A dire elephant (Lair:5)
  Snorg (Lair:4)
  7 hydras
  A catoblepas (Lair:4)
  2 two-headed ogres
  3 death yaks (D:10)
  A boulder beetle (Lair:4)
  A centaur warrior (D:9)
  Urug (Lair:3)
  A spectral dire elephant (Lair:5)
  Sonja (D:10)
  An obsidian statue (Lair:5)
  A lindwurm (Lair:2)
  2 spectral death yaks (Lair:5)
  A bog body (Lair:2)
  Pikel (D:5)
  2 necromancers (Lair:5)
  A salamander (Lair:2)
  15 elephants
  4 black mambas
  4 torpor snails
  12 cane toads
  A dire elephant skeleton (Lair:5)
  8 komodo dragons
  A rime drake (Lair:5)
  A troll (D:10)
  A polar bear (Lair:4)
  A spectral elephant (Lair:5)
  12 blink frogs
  11 dream sheep
  A dire elephant simulacrum (Lair:5)
  3 shadows
  39 yaks
  9 wyverns
  2 basilisks
  3 steam dragons
  2 swamp worms (Lair:2)
  2 two-headed ogre zombies (D:9)
  15 water moccasins
  Duvessa (D:4)
  An elephant zombie (Lair:5)
  2 orc warriors
  11 black bears
  A sky beast (D:6)
  A hornet zombie (D:8)
  2 ogres
  19 wolves
  3 centaurs
  An elephant skeleton (Lair:5)
  A phantom (D:9)
  A kobold brigand (D:9)
  A lemure (D:5)
  10 bullfrogs
  Blork the orc (D:5)
  A scorpion (D:6)
  A gnoll sergeant (D:10)
  A cane toad simulacrum (Lair:5)
  6 wights
  A jelly (D:6)
  Dowan (D:4)
  3 elephant simulacra (Lair:5)
  6 killer bees (D:9)
  6 howler monkeys
  11 electric eels
  5 centaur zombies (D:8)
  2 hounds
  3 lava snakes (Lair:2)
  8 orc priests
  A gnoll bouda (D:6)
  A sleepcap (D:4)
  3 iguanas
  13 orc wizards
  5 hell rats
  6 ogre zombies (D:9)
  A mummy (D:4)
  16 gnolls
  3 howler monkey zombies (D:8)
  2 adders
  9 river rats
  A shadow imp (D:5)
  An ufetubus (D:4)
  2 worms
  5 dart slugs
  27 orcs
  2 ball pythons (D:2)
  3 bats
  3 endoplasms
  5 giant cockroaches
  12 goblins
  7 hobgoblins
  4 jackals (D:2)
  2 quokkas
  8 frilled lizards
  A goblin skeleton (D:9)
  A goblin zombie (D:9)
  3 hobgoblin skeletons (D:9)
  2 hobgoblin zombies (D:9)
  11 kobolds
  4 orc skeletons (D:9)
  14 orc zombies (D:9)
  9 rats
474 creatures vanquished.

Vanquished Creatures (others)
  A dart slug (D:7)
1 creature vanquished.

Grand Total: 475 creatures vanquished

Notes
Turn   | Place    | Note
-------+----------+-------------------------------------------
     0 | D:1      | qw the Naga Hunter began the quest for the Orb.
     0 | D:1      | Reached XP level 1. HP: 19/19 MP: 1/1
     0 | D:1      | 0 ||| qw: Version: 0.3-a-7-ge0c9b40
     0 | D:1      | 0 ||| qw: Game counter: 1040
     0 | D:1      | 0 ||| qw: Always use a shield: true
     0 | D:1      | 0 ||| qw: God list: Okawaru
     0 | D:1      | 0 ||| qw: Allow faded altars: false
     0 | D:1      | 0 ||| qw: Do Orc after D:15 true
     0 | D:1      | 0 ||| qw: Do second Lair branch before Depths: true
     0 | D:1      | 0 ||| qw: Lair rune preference: random
     0 | D:1      | 0 ||| qw: Plans: Normal
     0 | D:1      | 0 ||| PLANNING D:1-11
    18 | D:1      | 18 ||| INVOKING Spit Poison.
    35 | D:1      | 35 ||| INVOKING Spit Poison.
    49 | D:1      | 49 ||| INVOKING Spit Poison.
   110 | D:1      | 110 ||| INVOKING Spit Poison.
   249 | D:1      | 249 ||| INVOKING Spit Poison.
   254 | D:1      | 254 ||| INVOKING Spit Poison.
   256 | D:1      | Reached skill level 4 in Ranged Weapons
   256 | D:1      | Reached XP level 2. HP: 26/26 MP: 2/2
   522 | D:1      | 522 ||| INVOKING Spit Poison.
   526 | D:1      | 526 ||| INVOKING Spit Poison.
   649 | D:1      | 649 ||| INVOKING Spit Poison.
   655 | D:1      | 655 ||| INVOKING Spit Poison.
   736 | D:1      | 736 ||| UPGRADING to scarf of repulsion.
   741 | D:1      | 741 ||| UPGRADING to amulet of guardian spirit.
   746 | D:1      | 746 ||| DROPPING ring of magical power.
   747 | D:1      | 747 ||| UPGRADING to ring of willpower.
   748 | D:1      | 748 ||| READING scroll labelled BOUKOI OLOBB.
   749 | D:1      | 749 ||| READING scroll labelled OTACANNESASH.
   753 | D:1      | 753 ||| DROPPING scroll of butterflies.
   782 | D:2      | 782 ||| INVOKING Spit Poison.
   785 | D:2      | 785 ||| INVOKING Spit Poison.
   966 | D:2      | 966 ||| INVOKING Spit Poison.
   975 | D:2      | 975 ||| INVOKING Spit Poison.
   976 | D:2      | Reached XP level 3. HP: 32/32 MP: 3/3
  1031 | D:2      | 1031 ||| INVOKING Spit Poison.
  1032 | D:2      | 1032 ||| INVOKING Spit Poison.
  1038 | D:2      | 1038 ||| INVOKING Spit Poison.
  1043 | D:2      | 1043 ||| INVOKING Spit Poison.
  1049 | D:2      | 1049 ||| INVOKING Spit Poison.
  1351 | D:2      | 1351 ||| INVOKING Spit Poison.
  1356 | D:2      | 1356 ||| INVOKING Spit Poison.
  1359 | D:2      | 1359 ||| INVOKING Spit Poison.
  1436 | D:2      | 1436 ||| INVOKING Spit Poison.
  1441 | D:2      | 1441 ||| INVOKING Spit Poison.
  1461 | D:2      | 1461 ||| INVOKING Spit Poison.
  1603 | D:2      | 1603 ||| INVOKING Spit Poison.
  1610 | D:2      | 1610 ||| READING scroll labelled JUREGUETEB.
  1611 | D:2      | 1611 ||| READING scroll labelled NYNNIG XAUQ.
  1612 | D:2      | 1612 ||| READING scroll labelled WENATHR VEBICOCS.
  1655 | D:3      | 1655 ||| INVOKING Spit Poison.
  1717 | D:3      | 1717 ||| INVOKING Spit Poison.
  1744 | D:3      | 1744 ||| INVOKING Spit Poison.
  1751 | D:3      | 1751 ||| INVOKING Spit Poison.
  1908 | D:3      | 1908 ||| INVOKING Spit Poison.
  1953 | D:3      | 1953 ||| INVOKING Spit Poison.
  1957 | D:3      | 1957 ||| INVOKING Spit Poison.
  1959 | D:3      | Reached skill level 5 in Ranged Weapons
  1960 | D:3      | Reached XP level 4. HP: 39/39 MP: 4/4
  2002 | D:3      | 2002 ||| INVOKING Spit Poison.
  2080 | D:3      | 2080 ||| INVOKING Spit Poison.
  2255 | D:3      | 2255 ||| INVOKING Spit Poison.
  2261 | D:3      | 2261 ||| INVOKING Spit Poison.
  2446 | D:3      | 2446 ||| UPGRADING to +0 pair of gloves.
  2451 | D:3      | 2451 ||| READING scroll of enchant armour.
  2451 | D:3      | 2451 ||| ENCHANTING +0 pair of gloves.
  2452 | D:3      | 2452 ||| READING scroll labelled ADUEPU YX JUU.
  2453 | D:3      | 2453 ||| READING 2 scrolls labelled MUEQAT QAT UDI.
  2454 | D:3      | 2454 ||| DRINKING 2 sapphire potions.
  2458 | D:3      | 2458 ||| DRINKING 2 red potions.
  2458 | D:3      | Reached XP level 5. HP: 67/67 MP: 5/5
  2459 | D:3      | 2459 ||| DRINKING potion of experience.
  2459 | D:3      | Reached skill level 9 in Ranged Weapons
  2459 | D:3      | Reached XP level 6. HP: 74/74 MP: 6/6
  2460 | D:3      | 2460 ||| DROPPING potion of ambrosia.
  2461 | D:3      | 2461 ||| DROPPING scroll of amnesia.
  2480 | D:4      | 2480 ||| PLANNING OSSUARY
  2480 | D:4      | 2480 ||| INVOKING Spit Poison.
  2487 | D:4      | 2487 ||| INVOKING Spit Poison.
  2488 | D:4      | 2488 ||| STAIRDANCE
  2610 | D:4      | 2610 ||| INVOKING Spit Poison.
  2640 | D:4      | 2640 ||| DROPPING scarf of harm.
  2663 | D:4      | 2663 ||| INVOKING Spit Poison.
  2668 | D:4      | 2668 ||| INVOKING Spit Poison.
  3021 | D:4      | 3021 ||| INVOKING Spit Poison.
  3042 | D:4      | Noticed a water moccasin
  3052 | D:4      | Killed a water moccasin
  3053 | D:4      | Reached XP level 7. HP: 66/81 MP: 5/7
  3054 | D:4      | 3054 ||| RIP OSSUARY
  3070 | D:4      | 3070 ||| PLANNING D:1-11
  3102 | D:4      | 3102 ||| INVOKING Spit Poison.
  3108 | D:4      | 3108 ||| INVOKING Spit Poison.
  3112 | D:4      | 3112 ||| INVOKING Spit Poison.
  3200 | D:4      | 3200 ||| INVOKING Spit Poison.
  3205 | D:4      | Reached skill level 1 in Armour
  3205 | D:4      | 3205 ||| INVOKING Spit Poison.
  3595 | D:4      | 3595 ||| UPGRADING to ring of resist corrosion.
  3596 | D:4      | 3596 ||| READING scroll labelled ATIOTH KOUCOAL.
  3597 | D:4      | 3597 ||| DRINKING 2 black potions.
  3598 | D:4      | 3598 ||| DROPPING potion of brilliance.
  3618 | D:5      | Entered Level 5 of the Dungeon
  3618 | D:5      | Noticed Duvessa
  3618 | D:5      | Noticed Dowan
  3619 | D:5      | 3619 ||| INVOKING Spit Poison.
  3622 | D:5      | 3622 ||| INVOKING Spit Poison.
  3627 | D:5      | 3627 ||| INVOKING Spit Poison.
  3628 | D:5      | 3628 ||| STAIRDANCE
  3631 | D:4      | Killed Duvessa
  3632 | D:4      | Reached skill level 10 in Ranged Weapons
  3632 | D:4      | 3632 ||| INVOKING Spit Poison.
  3636 | D:4      | 3636 ||| INVOKING Spit Poison.
  3640 | D:4      | Killed Dowan
  3691 | D:5      | 3691 ||| INVOKING Spit Poison.
  3696 | D:5      | 3696 ||| INVOKING Spit Poison.
  3702 | D:5      | Reached XP level 8. HP: 90/90 MP: 8/8
  3761 | D:5      | Found Kubazxi's Weapon Shoppe.
  3793 | D:5      | 3793 ||| INVOKING Spit Poison.
  3800 | D:5      | 3800 ||| INVOKING Spit Poison.
  3907 | D:5      | Found a staircase to the Ecumenical Temple.
  3909 | D:5      | 3909 ||| PLANNING TEMPLE
  3909 | D:5      | 3909 ||| READING scroll labelled MAEWORCH BUZESIT.
  3910 | D:5      | 3910 ||| DRINKING 2 pink potions.
  3911 | D:5      | 3911 ||| DROPPING potion of invisibility.
  3920 | Temple   | Entered the Ecumenical Temple
  3983 | Temple   | 3983 ||| PLANNING OKAWARU WORSHIP
  4215 | Temple   | Became a worshipper of Warmaster Okawaru
  4216 | Temple   | 4216 ||| PLANNING D:1-11
  4216 | Temple   | 4216 ||| REMOVING amulet of guardian spirit.
  4221 | Temple   | 4221 ||| DROPPING amulet of guardian spirit.
  4299 | D:5      | 4299 ||| INVOKING Spit Poison.
  4304 | D:5      | 4304 ||| INVOKING Spit Poison.
  4309 | D:5      | 4309 ||| INVOKING Spit Poison.
  4316 | D:5      | Reached skill level 3 in Dodging
  4316 | D:5      | 4316 ||| INVOKING Spit Poison.
  4325 | D:5      | Noticed Blork the orc
  4326 | D:5      | 4326 ||| INVOKING Spit Poison.
  4331 | D:5      | 4331 ||| INVOKING Spit Poison.
  4335 | D:5      | 4335 ||| INVOKING Spit Poison.
  4337 | D:5      | Killed Blork the orc
  4521 | D:5      | Found a radiant altar of Vehumet.
  4521 | D:5      | Found a shadowy altar of Dithmenos.
  4529 | D:5      | Found an ornate altar of the Wu Jian Council.
  4531 | D:5      | Found a white marble altar of Elyvilon.
  4533 | D:5      | Found a blossoming altar of Fedhas.
  4627 | D:5      | 4627 ||| INVOKING Spit Poison.
  4631 | D:5      | 4631 ||| INVOKING Spit Poison.
  4640 | D:5      | Noticed Pikel
  4642 | D:5      | 4642 ||| INVOKING Spit Poison.
  4649 | D:5      | 4649 ||| INVOKING Spit Poison.
  4649 | D:5      | Killed Pikel
  4649 | D:5      | Reached * piety under Okawaru
  4797 | D:6      | 4797 ||| INVOKING Spit Poison.
  4893 | D:6      | 4893 ||| INVOKING Spit Poison.
  4977 | D:6      | 4977 ||| INVOKING Heroism.
  4978 | D:6      | 4978 ||| INVOKING Spit Poison.
  4980 | D:6      | 4980 ||| Stepping ~*~*~tactically~*~*~ (outnumbered).
  4984 | D:6      | Reached XP level 9. HP: 74/97 MP: 6/9
  4984 | D:6      | 4984 ||| Stepping ~*~*~tactically~*~*~ (outnumbered).
  4988 | D:6      | 4988 ||| INVOKING Spit Poison.
  4989 | D:6      | 4989 ||| INVOKING Heroism.
  4992 | D:6      | 4992 ||| INVOKING Spit Poison.
  4996 | D:6      | 4996 ||| INVOKING Spit Poison.
  5002 | D:6      | 5002 ||| INVOKING Spit Poison.
  5152 | D:6      | 5152 ||| INVOKING Spit Poison.
  5158 | D:6      | 5158 ||| INVOKING Spit Poison.
  5163 | D:6      | 5163 ||| INVOKING Spit Poison.
  5249 | D:6      | 5249 ||| INVOKING Spit Poison.
  5250 | D:6      | 5250 ||| Stepping ~*~*~tactically~*~*~ (outnumbered).
  5252 | D:6      | 5252 ||| INVOKING Spit Poison.
  5257 | D:6      | 5257 ||| INVOKING Spit Poison.
  5319 | D:6      | 5319 ||| INVOKING Heroism.
  5320 | D:6      | 5320 ||| INVOKING Spit Poison.
  5395 | D:6      | 5395 ||| READING scroll of brand weapon.
  5395 | D:6      | 5395 ||| BRANDING +1 shortbow of flaming.
  5453 | D:6      | 5453 ||| INVOKING Heroism.
  5456 | D:6      | 5456 ||| INVOKING Spit Poison.
  5457 | D:6      | Reached skill level 11 in Ranged Weapons
  5463 | D:6      | 5463 ||| INVOKING Spit Poison.
  5465 | D:6      | 5465 ||| INVOKING Heroism.
  5468 | D:6      | 5468 ||| INVOKING Spit Poison.
  5475 | D:6      | 5475 ||| INVOKING Spit Poison.
  5558 | D:6      | 5558 ||| INVOKING Spit Poison.
  5561 | D:6      | 5561 ||| INVOKING Spit Poison.
  5692 | D:6      | 5692 ||| READING scroll labelled WEUGUNW VENE.
  5693 | D:6      | 5693 ||| READING scroll labelled WEYRRY RASUASOHATZ.
  5694 | D:6      | 5694 ||| READING scroll labelled PUUME BIVVUO.
  5695 | D:6      | 5695 ||| DRINKING 2 emerald potions.
  5695 | D:6      | Gained mutation: You passively dampen the noise of your
                  | surroundings. [potion of mutation]
  5695 | D:6      | Gained mutation: Your spells are a little harder to cast,
                  | but a little more powerful. [potion of mutation]
  5695 | D:6      | Gained mutation: Your magical capacity is low. (-10% MP)
                  | [potion of mutation]
  5695 | D:6      | Lost mutation: Your magical capacity is low. (-10% MP)
                  | [potion of mutation]
  5722 | D:7      | 5722 ||| INVOKING Heroism.
  5723 | D:7      | 5723 ||| INVOKING Spit Poison.
  5730 | D:7      | 5730 ||| INVOKING Spit Poison.
  5731 | D:7      | 5731 ||| STAIRDANCE
  5896 | D:7      | 5896 ||| STAIRDANCE
  5970 | D:7      | 5970 ||| STAIRDANCE
  5972 | D:6      | 5972 ||| INVOKING Spit Poison.
  6041 | D:7      | 6041 ||| INVOKING Spit Poison.
  6042 | D:7      | 6042 ||| STAIRDANCE
  6132 | D:7      | 6132 ||| STAIRDANCE
  6170 | D:7      | 6170 ||| STAIRDANCE
  6272 | D:7      | 6272 ||| STAIRDANCE
  6326 | D:7      | 6326 ||| STAIRDANCE
  6464 | D:7      | 6464 ||| STAIRDANCE
  6466 | D:6      | 6466 ||| INVOKING Spit Poison.
  6532 | D:7      | 6532 ||| STAIRDANCE
  6551 | D:7      | 6551 ||| STAIRDANCE
  6602 | D:7      | 6602 ||| STAIRDANCE
  6663 | D:7      | 6663 ||| STAIRDANCE
  6709 | D:7      | 6709 ||| STAIRDANCE
  6730 | D:7      | 6730 ||| STAIRDANCE
  6773 | D:7      | 6773 ||| STAIRDANCE
  6817 | D:7      | 6817 ||| STAIRDANCE
  6833 | D:7      | 6833 ||| STAIRDANCE
  6887 | D:7      | 6887 ||| STAIRDANCE
  6928 | D:7      | 6928 ||| STAIRDANCE
  7024 | D:7      | 7024 ||| INVOKING Spit Poison.
  7028 | D:7      | 7028 ||| INVOKING Spit Poison.
  7033 | D:7      | 7033 ||| INVOKING Spit Poison.
  7077 | D:7      | 7077 ||| INVOKING Heroism.
  7079 | D:7      | 7079 ||| INVOKING Heroism.
  7201 | D:7      | 7201 ||| SWAPPING to +0 orcbow.
  7202 | D:7      | 7202 ||| DROPPING +1 heavy shortbow.
  7203 | D:7      | 7203 ||| READING scroll of enchant armour.
  7203 | D:7      | 7203 ||| ENCHANTING +1 pair of gloves.
  7214 | D:7      | 7214 ||| READING scroll of brand weapon.
  7214 | D:7      | 7214 ||| BRANDING +0 orcbow.
  7325 | D:7      | 7325 ||| INVOKING Spit Poison.
  7571 | D:7      | 7571 ||| INVOKING Spit Poison.
  7649 | D:7      | 7649 ||| INVOKING Heroism.
  7650 | D:7      | 7650 ||| INVOKING Spit Poison.
  7654 | D:7      | 7654 ||| INVOKING Spit Poison.
  7671 | D:7      | 7671 ||| INVOKING Spit Poison.
  7693 | D:7      | 7693 ||| READING scroll of enchant weapon.
  7693 | D:7      | 7693 ||| ENCHANTING +0 orcbow of electrocution.
  7731 | D:7      | 7731 ||| INVOKING Heroism.
  7732 | D:7      | 7732 ||| Stepping ~*~*~tactically~*~*~ (outnumbered).
  7733 | D:7      | 7733 ||| INVOKING Spit Poison.
  7794 | D:7      | 7794 ||| INVOKING Spit Poison.
  7796 | D:7      | 7796 ||| FLEEEEING.
  7924 | D:7      | 7924 ||| FLEEEEING.
  7925 | D:7      | 7925 ||| FLEEEEING.
  7926 | D:7      | 7926 ||| FLEEEEING.
  7927 | D:7      | 7927 ||| FLEEEEING.
  7928 | D:7      | 7928 ||| FLEEEEING.
  7929 | D:7      | 7929 ||| FLEEEEING.
  7999 | D:7      | 7999 ||| FLEEEEING.
  8001 | D:7      | 8001 ||| FLEEEEING.
  8002 | D:7      | 8002 ||| FLEEEEING.
  8208 | D:7      | 8208 ||| READING scroll labelled JUAMPA ZYDWUCY.
  8209 | D:7      | 8209 ||| DRINKING 2 smoky green potions.
  8210 | D:7      | 8210 ||| DROPPING potion of degeneration.
  8268 | D:8      | 8268 ||| STAIRDANCE
  8270 | D:7      | 8270 ||| INVOKING Heroism.
  8398 | D:8      | 8398 ||| STAIRDANCE
  8440 | D:8      | 8440 ||| STAIRDANCE
  8486 | D:8      | 8486 ||| STAIRDANCE
  8516 | D:8      | Identified the scarf of a treasure trove {harm, rPois rCorr
                  | Stlth+}
  8535 | D:8      | Reached skill level 1 in Invocations
  8535 | D:8      | Reached XP level 10. HP: 88/97 MP: 10/10
  8562 | D:8      | 8562 ||| INVOKING Spit Poison.
  8563 | D:8      | 8563 ||| INVOKING Heroism.
  8568 | D:8      | 8568 ||| INVOKING Spit Poison.
  8577 | D:8      | 8577 ||| INVOKING Heroism.
  8578 | D:8      | 8578 ||| INVOKING Spit Poison.
  8583 | D:8      | 8583 ||| INVOKING Spit Poison.
  8832 | D:8      | Found a flagged portal.
  8838 | D:8      | 8838 ||| INVOKING Spit Poison.
  8846 | D:8      | 8846 ||| INVOKING Spit Poison.
  8849 | D:8      | 8849 ||| INVOKING Spit Poison.
  8871 | D:8      | 8871 ||| INVOKING Spit Poison.
  8874 | D:8      | 8874 ||| INVOKING Spit Poison.
  8880 | D:8      | 8880 ||| INVOKING Spit Poison.
  8888 | D:8      | 8888 ||| INVOKING Spit Poison.
  8892 | D:8      | 8892 ||| INVOKING Spit Poison.
  9010 | D:8      | 9010 ||| INVOKING Spit Poison.
  9015 | D:8      | 9015 ||| INVOKING Spit Poison.
  9050 | D:8      | Found Tughi's Antique Weapon Shoppe.
  9142 | D:8      | 9142 ||| DROPPING scarf of a treasure trove {harm, rPois
                  | rCorr Stlth+}.
  9143 | D:8      | 9143 ||| READING 2 scrolls of identify.
  9143 | D:8      | 9143 ||| IDENTIFYING fuming ruby potion
  9209 | D:9      | 9209 ||| INVOKING Spit Poison.
  9235 | D:9      | 9235 ||| INVOKING Spit Poison.
  9264 | D:9      | 9264 ||| INVOKING Spit Poison.
  9268 | D:9      | 9268 ||| INVOKING Spit Poison.
  9275 | D:9      | 9275 ||| INVOKING Spit Poison.
  9292 | D:9      | 9292 ||| INVOKING Spit Poison.
  9297 | D:9      | 9297 ||| INVOKING Spit Poison.
  9301 | D:9      | 9301 ||| INVOKING Spit Poison.
  9302 | D:9      | 9302 ||| INVOKING Heroism.
  9312 | D:9      | 9312 ||| INVOKING Spit Poison.
  9350 | D:9      | 9350 ||| FLEEEEING.
  9358 | D:9      | 9358 ||| STAIRDANCE
  9428 | D:9      | Noticed a two-headed ogre
  9429 | D:9      | 9429 ||| INVOKING Heroism.
  9430 | D:9      | 9430 ||| INVOKING Spit Poison.
  9434 | D:9      | Killed a two-headed ogre
  9435 | D:9      | Reached skill level 3 in Invocations
  9563 | D:9      | 9563 ||| INVOKING Spit Poison.
  9589 | D:9      | 9589 ||| INVOKING Heroism.
  9595 | D:9      | 9595 ||| INVOKING Spit Poison.
  9676 | D:9      | Found a staircase to the Orcish Mines.
  9720 | D:9      | Reached skill level 12 in Ranged Weapons
  9789 | D:9      | 9789 ||| INVOKING Spit Poison.
  9797 | D:9      | 9797 ||| INVOKING Spit Poison.
  9805 | D:9      | 9805 ||| INVOKING Spit Poison.
  9940 | D:9      | 9940 ||| INVOKING Spit Poison.
  9977 | D:9      | Found Gompuis's Magic Scroll Boutique.
  9985 | D:9      | 9985 ||| BUYING 3 scrolls of teleportation (117 gold).
  9985 | D:9      | Bought 3 scrolls of teleportation for 117 gold pieces
  9985 | D:9      | 9985 ||| BUYING scroll of enchant weapon (97 gold).
  9985 | D:9      | Bought a scroll of enchant weapon for 97 gold pieces
  9985 | D:9      | 9985 ||| BUYING scroll of enchant weapon (97 gold).
  9985 | D:9      | Bought a scroll of enchant weapon for 97 gold pieces
  9985 | D:9      | 9985 ||| BUYING scroll of identify (26 gold).
  9985 | D:9      | Bought a scroll of identify for 26 gold pieces
  9985 | D:9      | 9985 ||| BUYING scroll of identify (26 gold).
  9985 | D:9      | Bought a scroll of identify for 26 gold pieces
  9985 | D:9      | 9985 ||| BUYING scroll of teleportation (39 gold).
  9985 | D:9      | Bought a scroll of teleportation for 39 gold pieces
  9985 | D:9      | 9985 ||| BUYING scroll of teleportation (39 gold).
  9985 | D:9      | Bought a scroll of teleportation for 39 gold pieces
  9985 | D:9      | 9985 ||| READING 2 scrolls of enchant weapon.
  9985 | D:9      | 9985 ||| ENCHANTING +1 orcbow of electrocution.
  9986 | D:9      | 9986 ||| READING scroll of enchant weapon.
  9986 | D:9      | 9986 ||| ENCHANTING +2 orcbow of electrocution.
 10129 | D:9      | 10129 ||| UPGRADING to +0 steam dragon scales.
 10139 | D:9      | 10139 ||| DROPPING +0 leather armour.
 10140 | D:9      | 10140 ||| READING 4 scrolls of identify.
 10140 | D:9      | 10140 ||| IDENTIFYING fizzy orange potion
 10141 | D:9      | 10141 ||| READING 3 scrolls of identify.
 10141 | D:9      | 10141 ||| IDENTIFYING fizzy inky potion
 10142 | D:9      | 10142 ||| READING 2 scrolls of identify.
 10142 | D:9      | 10142 ||| IDENTIFYING murky dark potion
 10143 | D:9      | 10143 ||| DROPPING potion of lignification.
 10171 | D:10     | Entered Level 10 of the Dungeon
 10171 | D:10     | Noticed a centaur warrior
 10172 | D:10     | 10172 ||| INVOKING Spit Poison.
 10177 | D:10     | 10177 ||| STAIRDANCE
 10179 | D:9      | 10179 ||| INVOKING Spit Poison.
 10181 | D:9      | 10181 ||| INVOKING Heroism.
 10184 | D:9      | 10184 ||| INVOKING Spit Poison.
 10187 | D:9      | Killed a centaur warrior
 10187 | D:9      | Reached ** piety under Okawaru
 10188 | D:9      | Reached XP level 11. HP: 54/112 MP: 11/14
 10191 | D:9      | 10191 ||| INVOKING Spit Poison.
 10359 | D:10     | 10359 ||| INVOKING Heroism.
 10363 | D:10     | 10363 ||| INVOKING Spit Poison.
 10449 | D:10     | 10449 ||| INVOKING Spit Poison.
 10457 | D:10     | 10457 ||| INVOKING Heroism.
 10499 | D:10     | 10499 ||| INVOKING Heroism.
 10579 | D:10     | 10579 ||| INVOKING Spit Poison.
 10629 | D:10     | 10629 ||| INVOKING Spit Poison.
 10634 | D:10     | 10634 ||| INVOKING Spit Poison.
 10642 | D:10     | 10642 ||| INVOKING Spit Poison.
 10676 | D:10     | Noticed a death yak
 10678 | D:10     | 10678 ||| INVOKING Heroism.
 10679 | D:10     | 10679 ||| INVOKING Spit Poison.
 10680 | D:10     | Noticed a death yak
 10683 | D:10     | Noticed a death yak
 10688 | D:10     | 10688 ||| INVOKING Spit Poison.
 10694 | D:10     | 10694 ||| INVOKING Spit Poison.
 10694 | D:10     | Killed a death yak
 10695 | D:10     | Reached skill level 13 in Ranged Weapons
 10701 | D:10     | 10701 ||| INVOKING Spit Poison.
 10701 | D:10     | HP: 19/112 [death yak (11)]
 10702 | D:10     | 10702 ||| READING 9 scrolls of teleportation.
 10703 | D:10     | HP: 4/112 [death yak (16)]
 10704 | D:10     | 10704 ||| INVOKING Heroism.
 10706 | D:10     | 10706 ||| INVOKING Spit Poison.
 11020 | D:10     | Noticed Sonja
 11021 | D:10     | 11021 ||| INVOKING Spit Poison.
 11024 | D:10     | 11024 ||| INVOKING Heroism.
 11026 | D:10     | Killed Sonja
 11027 | D:10     | 11027 ||| INVOKING Spit Poison.
 11031 | D:10     | 11031 ||| INVOKING Spit Poison.
 11159 | D:10     | Noticed a two-headed ogre
 11160 | D:10     | 11160 ||| INVOKING Heroism.
 11164 | D:10     | 11164 ||| INVOKING Spit Poison.
 11167 | D:10     | Killed a two-headed ogre
 11181 | D:10     | 11181 ||| INVOKING Spit Poison.
 11187 | D:10     | 11187 ||| INVOKING Spit Poison.
 11196 | D:10     | 11196 ||| INVOKING Spit Poison.
 11317 | D:10     | 11317 ||| INVOKING Spit Poison.
 11336 | D:10     | 11336 ||| INVOKING Spit Poison.
 11348 | D:10     | 11348 ||| INVOKING Heroism.
 11367 | D:10     | 11367 ||| INVOKING Spit Poison.
 11377 | D:10     | 11377 ||| INVOKING Spit Poison.
 11378 | D:10     | 11378 ||| INVOKING Heroism.
 11387 | D:10     | 11387 ||| INVOKING Spit Poison.
 11389 | D:10     | Killed a death yak
 11393 | D:10     | 11393 ||| INVOKING Spit Poison.
 11394 | D:10     | Killed a death yak
 11408 | D:10     | 11408 ||| INVOKING Heroism.
 11410 | D:10     | 11410 ||| INVOKING Spit Poison.
 11454 | D:10     | 11454 ||| INVOKING Heroism.
 11569 | D:10     | Found a staircase to the Lair.
 11594 | D:10     | 11594 ||| READING scroll of enchant weapon.
 11594 | D:10     | 11594 ||| ENCHANTING +3 orcbow of electrocution.
 11660 | D:10     | 11660 ||| INVOKING Spit Poison.
 11821 | D:10     | 11821 ||| PLANNING LAIR
 11821 | D:10     | 11821 ||| UPGRADING to +0 troll leather armour.
 11831 | D:10     | 11831 ||| DROPPING +0 steam dragon scales.
 11852 | Lair:1   | Entered Level 1 of the Lair of Beasts
 11897 | Lair:1   | 11897 ||| INVOKING Heroism.
 11922 | Lair:1   | 11922 ||| INVOKING Heroism.
 11928 | Lair:1   | Reached skill level 14 in Ranged Weapons
 11928 | Lair:1   | Reached XP level 12. HP: 120/120 MP: 12/15
 12091 | Lair:1   | Reached *** piety under Okawaru
 12094 | Lair:1   | 12094 ||| INVOKING Heroism.
 12334 | Lair:1   | 12334 ||| INVOKING Heroism.
 12447 | Lair:1   | 12447 ||| INVOKING Heroism.
 12504 | Lair:1   | 12504 ||| INVOKING Heroism.
 12508 | Lair:1   | 12508 ||| Stepping ~*~*~tactically~*~*~ (outnumbered).
 12511 | Lair:1   | Reached skill level 15 in Ranged Weapons
 12972 | Lair:1   | 12972 ||| READING 2 scrolls of identify.
 12972 | Lair:1   | 12972 ||| IDENTIFYING bubbling ruby potion
 13003 | Lair:2   | 13003 ||| STAIRDANCE
 13005 | Lair:1   | 13005 ||| INVOKING Heroism.
 13062 | Lair:2   | 13062 ||| INVOKING Heroism.
 13073 | Lair:2   | Reached skill level 6 in Dodging
 13088 | Lair:2   | 13088 ||| INVOKING Heroism.
 13191 | Lair:2   | Reached **** piety under Okawaru
 13197 | Lair:2   | 13197 ||| INVOKING Heroism.
 13215 | Lair:2   | 13215 ||| INVOKING Heroism.
 13353 | Lair:2   | 13353 ||| INVOKING Heroism.
 13427 | Lair:2   | Identified the +7 plate armour "Ehemiy" {Harm Drain rPois
                  | Dex+4}
 13430 | Lair:2   | 13430 ||| INVOKING Heroism.
 13582 | Lair:2   | 13582 ||| FLEEEEING.
 13585 | Lair:2   | 13585 ||| FLEEEEING.
 13586 | Lair:2   | 13586 ||| FLEEEEING.
 13615 | Lair:2   | 13615 ||| INVOKING Heroism.
 13620 | Lair:2   | Gained mutation: You can use your snake-like lower body to
                  | constrict enemies. [Naga growth]
 13620 | Lair:2   | Reached XP level 13. HP: 127/127 MP: 13/16
 13644 | Lair:2   | 13644 ||| FLEEEEING.
 13660 | Lair:2   | 13660 ||| FLEEEEING.
 13700 | Lair:2   | 13700 ||| INVOKING Heroism.
 13733 | Lair:2   | Identified the +1 rapier "Fixiwo" {antimagic, rC+ Will+++
                  | Str-4 Dex+2}
 13759 | Lair:2   | 13759 ||| INVOKING Heroism.
 13820 | Lair:2   | 13820 ||| INVOKING Heroism.
 13888 | Lair:2   | 13888 ||| INVOKING Heroism.
 14067 | Lair:2   | Found a staircase to the Swamp.
 14078 | Lair:2   | Reached skill level 16 in Ranged Weapons
 14081 | Lair:2   | 14081 ||| INVOKING Heroism.
 14137 | Lair:2   | Found a staircase to the Snake Pit.
 14138 | Lair:2   | 14138 ||| Stepping ~*~*~tactically~*~*~ (outnumbered).
 14140 | Lair:2   | 14140 ||| Stepping ~*~*~tactically~*~*~ (outnumbered).
 14154 | Lair:2   | 14154 ||| Stepping ~*~*~tactically~*~*~ (outnumbered).
 14158 | Lair:2   | 14158 ||| INVOKING Heroism.
 14166 | Lair:2   | 14166 ||| FLEEEEING.
 14176 | Lair:2   | 14176 ||| STAIRDANCE
 14429 | Lair:3   | 14429 ||| INVOKING Heroism.
 14446 | Lair:3   | 14446 ||| STAIRDANCE
 14470 | Lair:3   | 14470 ||| INVOKING Heroism.
 14491 | Lair:3   | 14491 ||| INVOKING Heroism.
 14491 | Lair:3   | HP: 31/127 [dream sheep (9)]
 14492 | Lair:3   | 14492 ||| READING 9 scrolls of teleportation.
 14492 | Lair:3   | HP: 15/127 [dream sheep (8)]
 14493 | Lair:3   | 14493 ||| DRINKING potion of heal wounds.
 14495 | Lair:3   | Noticed Urug
 14496 | Lair:3   | 14496 ||| READING 8 scrolls of teleportation.
 14501 | Lair:3   | Killed Urug
 14520 | Lair:3   | 14520 ||| INVOKING Heroism.
 14525 | Lair:3   | Reached skill level 6 in Invocations
 14689 | Lair:3   | 14689 ||| READING scroll of enchant weapon.
 14689 | Lair:3   | 14689 ||| ENCHANTING +4 orcbow of electrocution.
 14727 | Lair:3   | Reached skill level 3 in Armour
 14730 | Lair:3   | 14730 ||| INVOKING Heroism.
 14786 | Lair:3   | 14786 ||| INVOKING Heroism.
 14944 | Lair:3   | 14944 ||| INVOKING Heroism.
 14953 | Lair:3   | Reached skill level 12 in Fighting
 14972 | Lair:3   | 14972 ||| INVOKING Heroism.
 15012 | Lair:3   | Identified the +3 trident of the Gloaming {holy, rPois
                  | Dex+2}
 15070 | Lair:3   | Received a gift from Okawaru
 15307 | Lair:4   | 15307 ||| INVOKING Heroism.
 15425 | Lair:4   | Noticed Snorg
 15426 | Lair:4   | 15426 ||| INVOKING Heroism.
 15431 | Lair:4   | Killed Snorg
 15589 | Lair:4   | 15589 ||| INVOKING Heroism.
 15620 | Lair:4   | 15620 ||| INVOKING Heroism.
 15658 | Lair:4   | 15658 ||| INVOKING Heroism.
 15701 | Lair:4   | 15701 ||| INVOKING Heroism.
 15724 | Lair:4   | 15724 ||| INVOKING Heroism.
 15778 | Lair:4   | 15778 ||| INVOKING Heroism.
 15782 | Lair:4   | 15782 ||| Stepping ~*~*~tactically~*~*~ (cloud).
 15784 | Lair:4   | 15784 ||| Stepping ~*~*~tactically~*~*~ (cloud).
 15786 | Lair:4   | 15786 ||| Stepping ~*~*~tactically~*~*~ (cloud).
 15803 | Lair:4   | Identified the +3 war axe "Soxt" {flame, *Corrode rN+ Str+2
                  | Dex+3}
 15920 | Lair:4   | 15920 ||| INVOKING Heroism.
 15932 | Lair:4   | Reached XP level 14. HP: 106/139 MP: 17/19
 16195 | Lair:4   | 16195 ||| INVOKING Heroism.
 16226 | Lair:4   | 16226 ||| UPGRADING to +1 troll leather armour {Snorg}.
 16236 | Lair:4   | 16236 ||| DROPPING +0 troll leather armour.
 16237 | Lair:4   | 16237 ||| UPGRADING to ring of protection from cold.
 16239 | Lair:4   | 16239 ||| UPGRADING to ring of willpower.
 16241 | Lair:4   | 16241 ||| READING 2 scrolls of identify.
 16241 | Lair:4   | 16241 ||| IDENTIFYING amethyst potion
 16279 | Lair:5   | Entered Level 5 of the Lair of Beasts
 16309 | Lair:5   | 16309 ||| INVOKING Heroism.
 16429 | Lair:5   | 16429 ||| INVOKING Heroism.
 16570 | Lair:5   | 16570 ||| INVOKING Heroism.
 16660 | Lair:5   | 16660 ||| INVOKING Heroism.
 16744 | Lair:5   | Found a runed translucent door.
 16745 | Lair:5   | Found a viscous altar of Jiyva.
 16745 | Lair:5   | Found a staircase to the Slime Pits.
 16762 | Lair:5   | 16762 ||| INVOKING Heroism.
 17166 | Lair:5   | Noticed a dire elephant
 17168 | Lair:5   | Noticed a dire elephant
 17168 | Lair:5   | Noticed a dire elephant
 17191 | Lair:5   | Noticed a dire elephant
 17192 | Lair:5   | 17192 ||| INVOKING Heroism.
 17204 | Lair:5   | Killed a dire elephant
 17258 | Lair:5   | 17258 ||| INVOKING Heroism.
 17318 | Lair:5   | Reached skill level 9 in Invocations
 17407 | Lair:5   | 17407 ||| FLEEEEING.
 17408 | Lair:5   | 17408 ||| FLEEEEING.
 17503 | Lair:5   | 17503 ||| INVOKING Heroism.
 17546 | Lair:5   | 17546 ||| INVOKING Heroism.
 17610 | Lair:5   | Reached ***** piety under Okawaru
 17646 | Lair:5   | 17646 ||| INVOKING Heroism.
 17669 | Lair:5   | HP: 34/143 [dire elephant (2)]
 17670 | Lair:5   | 17670 ||| READING 7 scrolls of teleportation.
 17670 | Lair:5   | Mangled by a dire elephant

Levels and vault maps discovered:
D:1:      psy_arrival_fountain, layout_basic
D:2:      layout_basic, serial_bayou_ford_a, dreamdust_mushroom_princess
D:3:      layout_loops_corners, minmay_quantized
D:4:      layout_loops_ring, gup_ossuary_entry_pyramid, minivault_5,
          corexii_corridor_pit, kennysheep_decorative_pillar,
          dreamdust_princess_bridge, kennysheep_cross_bottleneck,
          minmay_misc_feat_iff, hangedman_abyss_or_decor_passed,
          serial_park_tiny_1, nicolae_eternal_life
D:5:      layout_rooms, chequers_temple_overflow_minitemple,
          minmay_temple_entry_waves, serial_shops, shop, uniq_pikel,
          uniq_blork_the_orc, uniq_duvessa
D:6:      layout_gridville
D:7:      kennysheep_slugbush, layout_loops_cross, kennysheep_dice
D:8:      layout_gridville, serial_shops, nicolae_shop_trees, serial_undead,
          serial_undead_b, serial_undead_e, serial_undead_a, serial_undead_a,
          serial_undead_b, serial_undead_c, enter_bailey_6
D:9:      layout_basic, zombieorc2_lemuel, serial_shops, shop
D:10:     layout_basic, dpeg_lair_monsters, hangedman_decor_clover_reticule,
          uniq_sonja
Temple:   minmay_temple_bridge_d
Lair:1:   layout_layer_cave, pdpol_lair_neglected_garden,
          chequers_serial_rivers_micro_e, beast_lair_carwin_7, lemuel_fruit_tree
Lair:2:   layout_small_grid, nicolae_swamp_entry_splash_gauntlet,
          nicolae_snake_entry_warm_welcome, grunt_megastairs_4,
          infiniplex_staircase_pool
Lair:3:   layout_gridlike, uniq_urug
Lair:4:   layout_regular_city, nzn_sisyphean_effort, uniq_snorg
Lair:5:   due_jungle_book, layout_loops_ring, slime_entry_2,
          kennysheep_abandoned_house

Skill      XL: |  1  2  3  4  5  6  7  8  9 10 11 12 13 14 |
---------------+-------------------------------------------+-----
Ranged Weapons | 4 5 9 10 11 12 14 15 16 | 16.0
Fighting       | 11 12 14 | 14.0
Dodging        | 2 3 4 5 6 8 |  8.2
Armour         | 1 2 3 |  3.0
Invocations    | 1 4 5 6 9 |  9.6
Stealth        | |  1.5

Action                     |  1- 3 |  4- 6 |  7- 9 | 10-12 | 13-15 || total
---------------------------+-------+-------+-------+-------+-------++-------
   Fire: Shortbow          |    64 |    58 |   197 |       |       ||   319
         Orcbow            |       |       |    69 |   670 |   674 ||  1413
 Invoke: Heroism           |       |       |    10 |    31 |    34 ||    75
Ability: Spit Poison       |    32 |    10 |    60 |    60 |       ||   162
    Use: Scroll            |     5 |     3 |    10 |     9 |     5 ||    32
         Potion            |       |     3 |     4 |       |     1 ||     8
 Armour: Leather armour    |    12 |     6 |   101 |    26 |       ||   145
         Steam dragon scal |       |       |       |    39 |       ||    39
         Troll leather arm |       |       |       |    43 |    93 ||   136
  Dodge: Dodged            |    22 |    15 |   196 |   164 |   250 ||   647
         Repelled          |     1 |       |    13 |     1 |     2 ||    17

Table legend:
 A = Non-vault XP
 B = Vault XP
 C = Vault XP percentage of total XP
 D = Non-vault monster count
 E = Vault monster count
 F = Vault count percentage of total count
                 A         B        C        D         E       F
            +---------+---------+-------+---------+---------+-------
      Total |   51684 |   22384 |  30.2 |     336 |     137 |  29.0
            +---------+---------+-------+---------+---------+-------
        D:1 |      23 |       0 |   0.0 |      14 |       0 |   0.0
        D:2 |      42 |       0 |   0.0 |      22 |       0 |   0.0
        D:3 |      36 |      11 |  23.4 |      13 |       6 |  31.6
        D:4 |     479 |     231 |  32.5 |      19 |       3 |  13.6
        D:5 |     386 |     720 |  65.1 |      10 |       2 |  16.7
        D:6 |    1036 |       8 |   0.8 |      22 |       2 |   8.3
        D:7 |     842 |     174 |  17.1 |      16 |       4 |  20.0
        D:8 |     417 |     780 |  65.2 |      17 |      14 |  45.2
        D:9 |    3435 |     857 |  20.0 |      30 |      36 |  54.5
       D:10 |    4337 |    3311 |  43.3 |      28 |      12 |  30.0
     Lair:1 |    5879 |    1522 |  20.6 |      22 |      12 |  35.3
     Lair:2 |    8477 |    2767 |  24.6 |      37 |      10 |  21.3
     Lair:3 |    8840 |     792 |   8.2 |      31 |       1 |   3.1
     Lair:4 |    8360 |    1749 |  17.3 |      26 |       2 |   7.1
     Lair:5 |    9095 |    9462 |  51.0 |      29 |      33 |  53.2
            +---------+---------+-------+---------+---------+-------
